 Dungeon Crawl Stone Soup version 0.24-a0-291-g79c1ce7 (webtiles) character file.

Game seed: 17925670458162464866

74 galech the Skirmisher (level 4, 35/35 HPs)
             Began as a Demonspawn Fighter on May 9, 2019.
             Quit the game on level 2 of the Dungeon.
             The game lasted 00:01:22 (1382 turns).

galech the Skirmisher (Demonspawn Fighter)          Turns: 1382, Time: 00:01:23

Health: 35/35      AC: 11    Str: 16    XL:     4   Next: 9%
Magic:  4/4        EV:  4    Int: 10    God:
Gold:   92         SH:  9    Dex: 13    Spells: 3/3 levels left

rFire    . . .     SeeInvis .   a - +0 war axe
rCold    . . .     Gourm    .   c - +0 shield
rNeg     . . .     Faith    .   g - +0 chain mail
rPois    .         Spirit   .   (no helmet)
rElec    .         Reflect  .   (no cloak)
rCorr    .         Harm     .   (no gloves)
MR       .....                  (no boots)
Stlth    ..........             (no amulet)
HPRegen  0.11/turn              (no ring)
MPRegen  0.09/turn              (no ring)

@: no status effects
A: iridescent scales 1, rot immunity
a: no special abilities


You were on level 2 of the Dungeon.
You were not hungry.

You visited 1 branch of the dungeon, and saw 2 of its levels.

You collected 92 gold pieces.

Inventory:

Hand Weapons
 a - a +0 war axe (weapon)
Armour
 b - a +0 scale mail
 c - a +0 shield (worn)
 g - a +0 chain mail (worn)
Scrolls
 e - 2 scrolls of enchant armour {unknown}
 h - a scroll of teleportation {unknown}
 i - 3 scrolls of identify {unknown}
 l - 3 scrolls of remove curse {unknown}
Potions
 d - a potion of might
 j - a potion of invisibility {unknown}
 k - a potion of haste {unknown}
 m - a potion of degeneration {unknown}
 n - 2 potions of curing {unknown}
Comestibles
 f - 5 rations


   Skills:
 + Level 3.4 Fighting
 + Level 3.0 Axes
 + Level 3.1 Armour
 + Level 3.0 Shields


You had 3 spell levels left.
You didn't know any spells.
Your spell library was empty.

Dungeon Overview and Level Annotations

Branches:
Dungeon (2/15)

Altars:
Cheibriados


Innate Abilities, Weirdness & Mutations

You are partially covered in iridescent scales. (AC +2)
You are immune to rotting.


Message History

Your shield and scale mail prevent you from hitting the frilled lizard.
The frilled lizard barely misses you. You block the frilled lizard's attack.
You hit the frilled lizard.
You kill the frilled lizard!
No target in view!
No target in view!
HP restored.
Found a chain mail.
l - 3 scrolls labeled MIPNON JIDDURCH (gained 1)
Found 6 tomahawks.
No target in view!
You see here a chain mail.
g - a chain mail You start removing your armour.
You continue taking off your +0 scale mail. x4
You finish taking off your +0 scale mail.
You start putting on your armour.
You continue putting on your chain mail. x5
You finish putting on your +0 chain mail.
Are you sure you want to abandon this character and quit the game? (Confirm with "yes".)

#...# ##........#.##.....#. #.###
#........#.##..##.#. ...#
##########...........#. ...#####
##...########...#..####.
......#.. ......... #...........
...##.#.###........ ###..#.#####
...##.#...........( .....#......
...##.#..#..#############.#......
...##.#..#......@.........#......
...##.#..########.....###........
#####.#......... ..##.# ..####.
#.....#.#########..# .. ##
#.#####.........#..#
#.############.##...
#.#...(......#.# .###
#.##.##.####.#.# .#
..##.#<......#.##


There were no monsters in sight!

Vanquished Creatures
  An adder (D:2)
  An ooze (D:2)
  3 dart slugs
  2 leopard geckos (D:2)
  A ball python (D:2)
  5 bats
  2 giant cockroaches
  4 goblins (D:1)
  11 hobgoblins
  3 jackals (D:2)
  8 kobolds
  A quokka (D:2)
  3 frilled lizards
  A rat (D:1)
46 creatures vanquished.

Notes
Turn   | Place    | Note
-------+----------+-------------------------------------------
     0 | D:1      | galech the Demonspawn Fighter began the quest for the Orb.
     0 | D:1      | Reached XP level 1. HP: 18/18 MP: 1/1
    93 | D:1      | Gained mutation: You are partially covered in iridescent
                  | scales. (AC +2) [demonic ancestry]
    93 | D:1      | Reached XP level 2. HP: 21/24 MP: 2/2
   459 | D:1      | You fall through a shaft!
   480 | D:2      | Gained mutation: You are immune to rotting. [demonic
                  | ancestry]
   480 | D:2      | Reached XP level 3. HP: 29/29 MP: 3/3
   675 | D:1      | Found a snail-covered altar of Cheibriados.
  1138 | D:2      | Reached XP level 4. HP: 24/35 MP: 4/4
  1382 | D:2      | Quit the game

Levels and vault maps discovered:
D:1:      dpeg_arrival_refuge, layout_loops_cross, minmay_misc_feat_iff,
          kennysheep_flooded_box, minmay_quantized
D:2:      layout_basic, grunt_ministairs_2

Skill      XL: |  1  2  3 |
---------------+----------+-----
Axes           | 2 3 |  3.0
Armour         | 3 |  3.1
Shields        | 3 |  3.0
Fighting       | |  3.4

Action                   |  1- 3 |  4- 6 || total
-------------------------+-------+-------++-------
Melee: War axe           |   110 |     7 ||   117
  Eat: Chunk             |     1 |     1 ||     2
Armor: Scale mail        |    72 |     1 ||    73
Dodge: Dodged            |    49 |     4 ||    53
Block: Shield            |    79 |     5 ||    84

Table legend:
 A = Non-vault XP
 B = Vault XP
 C = Vault XP percentage of total XP
 D = Non-vault monster count
 E = Vault monster count
 F = Vault count percentage of total count
                 A         B        C        D         E       F
            +---------+---------+-------+---------+---------+-------
      Total |      88 |      18 |  17.0 |      38 |       8 |  17.4
            +---------+---------+-------+---------+---------+-------
        D:1 |      39 |       8 |  17.0 |      20 |       6 |  23.1
        D:2 |      49 |      10 |  16.9 |      18 |       2 |  10.0
            +---------+---------+-------+---------+---------+-------
